[Event "Titled Tuesday Blitz August 08 Early 2023"]
[White "Bauman_Guy"]
[Black "Tregubov, Pavel V."]
[BlackFideId "4115341"]
[WhiteElo "2800"]
[BlackElo "2644"]
[Result "1-0"]
[Round "11"]
[TimeControl "180+1"]
[Date "2023.08.08"]
[WhiteClock "0:00:14"]
[BlackClock "0:00:00"]
[Board "27"]

1. e4 c5 2. Nf3 e6 3. d4 cxd4 4. Nxd4 Nf6 5. Nc3 Nc6 6. Ndb5 Bb4 7. a3 Bxc3+ 8. Nxc3 d5 9. Bd3 O-O 10. O-O d4 11. Ne2 e5 12. Qe1 Nd7 13. f4 Nc5 14. Qg3 Nxd3 15. cxd3 f6 16. Bd2 Be6 17. fxe5 fxe5 18. Rxf8+ Qxf8 19. Rf1 Qe7 20. Bg5 Qe8 21. Bf6 Qg6 22. Bxe5 Qxg3 23. Bxg3 Bg4 24. Nf4 Ne5 25. Rc1 g5 26. Nd5 Nxd3 27. Rc7 Rf8 28. Rxb7 Rf7 29. Rb8+ Kg7 30. h3 Be2 31. Kh2 h5 32. h4 gxh4 33. Bxh4 Ne5 34. Rd8 Ng4+ 35. Kg3 d3 36. Nf4 Ne5 37. Rd5 Ng6 38. Ne6+ Kh6 39. Bg5+ Kh7 40. Be3 h4+ 41. Kh2 Re7 42. Nc5 Ne5 43. Bg5 Ng4+ 44. Kh3 Nf2+ 45. Kxh4 Rg7 46. e5 Bf1 47. e6 Bxg2 48. Rd7 Bc6 49. Rd6 Bb5 50. a4 Be8 51. Be3 Ng4 52. Bd4 Rg6 53. Nxd3 Nh6 54. Kh3 Nf5 55. Rd8 Nxd4 56. Rxd4 Rxe6 57. b3 Kg7 58. Kg4 Kf6 59. Kf4 Re2 60. Nc5 Bf7 61. Ne4+ Ke7 62. Rd3 Rb2 63. Nd2 Bg6 64. Rd4 Bc2 65. Rb4 a5 66. Rb5 Kd7 67. Ke3 Kd6 68. Kd4 Kc6 69. Kc3 1-0


[Site "https://www.chess.com"]

[Event "Titled Tuesday Blitz August 08 Early 2023"]
[White "Sharavdorj, Dashzegve"]
[Black "Rahman, Masruri"]
[WhiteFideId "4900340"]
[BlackFideId "7101163"]
[WhiteElo "2642"]
[BlackElo "2789"]
[Result "1-0"]
[Round "11"]
[TimeControl "180+1"]
[Date "2023.08.08"]
[WhiteClock "0:01:30"]
[BlackClock "0:00:17"]
[Board "28"]

1. d4 e6 2. c4 Nf6 3. Nf3 b6 4. a3 Bb7 5. Nc3 d5 6. cxd5 Nxd5 7. Qc2 Nd7 8. e4 Nxc3 9. bxc3 Be7 10. Bd3 O-O 11. O-O c5 12. Bf4 Rc8 13. Qe2 cxd4 14. cxd4 Re8 15. a4 Bb4 16. h3 h6 17. Rfb1 Bc3 18. Ra2 Nf6 19. Qe3 Ba5 20. Rd1 Rc3 21. Qe2 Rxd3 22. Rxd3 Nxe4 23. Rc2 Qd5 24. Re3 Rd8 25. Rc7 Nf6 26. Re5 1-0


[Site "https://www.chess.com"]

[Event "Titled Tuesday Blitz August 08 Early 2023"]
[White "Aevengho"]
[Black "Cherniaiev, Tykhon"]
[BlackFideId "14182360"]
[WhiteElo "2621"]
[BlackElo "2781"]
[Result "0-1"]
[Round "11"]
[TimeControl "180+1"]
[Date "2023.08.08"]
[WhiteClock "0:00:00"]
[BlackClock "0:00:11"]
[Board "29"]

1. e4 e5 2. Nf3 Nc6 3. d4 exd4 4. Bc4 Nf6 5. e5 d5 6. Bb5 Ne4 7. Nxd4 Bd7 8. Bxc6 bxc6 9. O-O Bc5 10. Be3 O-O 11. f3 Ng5 12. f4 Ne4 13. Nd2 Nxd2 14. Qxd2 Qe7 15. Nb3 Bxe3+ 16. Qxe3 f6 17. Nc5 Bf5 18. c3 Rae8 19. Rae1 fxe5 20. fxe5 Bg6 21. Rxf8+ Rxf8 22. b4 Ra8 23. Nb3 Be4 24. Nd4 Qxe5 25. Nxc6 Qd6 26. Nd4 c5 27. Nb5 Qg6 28. Qg3 Qb6 29. Nd6 cxb4+ 30. Kh1 bxc3 31. Nxe4 dxe4 32. Qxc3 Re8 33. Qc4+ Kh8 34. Qf7 Qb8 35. h3 h6 36. a4 a5 37. Qf5 Qb4 38. Ra1 e3 39. Qb5 Qe4 40. Qxa5 Rf8 41. Qe1 e2 42. a5 Rf1+ 43. Qxf1 exf1=Q+ 44. Rxf1 Qa4 45. Rf3 Qxa5 46. Kh2 Kh7 47. Kg1 Qe5 48. Kh1 g5 49. Kg1 Kg6 50. Kh1 Qe1+ 51. Kh2 h5 0-1


[Site "https://www.chess.com"]

[Event "Titled Tuesday Blitz August 08 Early 2023"]
[White "Moskvin, Anatoly"]
[Black "Demchenko, Anton"]
[WhiteFideId "24199990"]
[BlackFideId "4160258"]
[WhiteElo "2622"]
[BlackElo "2885"]
[Result "0-1"]
[Round "11"]
[TimeControl "180+1"]
[Date "2023.08.08"]
[WhiteClock "0:00:00"]
[BlackClock "0:00:04"]
[Board "30"]

1. e4 e5 2. Nf3 Nc6 3. Bc4 Nf6 4. d3 h6 5. c3 d6 6. Nbd2 g6 7. a4 Bg7 8. b4 O-O 9. Qb3 Ne7 10. O-O c6 11. d4 exd4 12. Nxd4 d5 13. exd5 Nexd5 14. N2f3 Bg4 15. Ne5 Bh5 16. Ndxc6 bxc6 17. Nxc6 Qd6 18. Bxd5 Nxd5 19. Qxd5 Qxd5 20. Ne7+ Kh7 21. Nxd5 Rfd8 22. Nf4 Bxc3 23. Rb1 Bg4 24. Rb3 Be5 25. h3 Bf5 26. Re1 Bg7 27. b5 Bc2 28. Ra3 Bf8 29. Ra1 Bb4 30. Re2 Rd1+ 31. Kh2 Rc8 32. Bb2 Rxa1 33. Bxa1 Bd6 34. Be5 Bf8 35. a5 g5 36. Nd5 Bd3 37. Rb2 Rc5 38. Nf6+ Kg6 39. Bd4 Rxb5 40. Rxb5 Bxb5 41. Ne4 a6 42. Bc3 f5 43. Nd2 Bd6+ 44. Kg1 f4 45. g3 Kf5 46. g4+ Kg6 47. Kg2 Bc6+ 48. f3 Bd5 49. Kf2 Bc5+ 50. Ke2 Bc6 51. Kd3 Bb5+ 52. Ke4 Be3 53. Bb4 h5 54. gxh5+ Kxh5 55. Kf5 Bd7+ 56. Ke4 Kh4 57. Nc4 Bc6+ 58. Kf5 Bxf3 59. Nxe3 fxe3 60. Bc5 e2 61. Bf2+ Kh5 62. h4 gxh4 63. Kf4 Bc6 64. Ke3 Bb5 65. Kf3 h3 66. Kg3 Bd7 67. Be1 Kg6 68. Bf2 Kf7 69. Be1 Ke7 70. Bf2 Kd6 71. Be1 Kd5 72. Bf2 Ke4 73. Be1 Kd3 74. Kf2 Bg4 75. Kg3 Bc8 76. Bb4 Kc2 77. Kf2 Kd1 78. Bc3 Bb7 79. Kg3 Bg2 80. Kf2 Bd5 81. Bb4 h2 0-1


[Site "https://www.chess.com"]

[Event "Titled Tuesday Blitz August 08 Early 2023"]
[White "Nagare Kaivalya Sandip"]
[Black "Bharath Subramaniyam H"]
[WhiteFideId "25957929"]
[BlackFideId "46634827"]
[WhiteElo "2687"]
[BlackElo "2830"]
[Result "1-0"]
[Round "11"]
[TimeControl "180+1"]
[Date "2023.08.08"]
[WhiteClock "0:00:23"]
[BlackClock "0:00:16"]
[Board "31"]

1. e4 c5 2. Nf3 d6 3. d4 cxd4 4. Nxd4 Nf6 5. Nc3 a6 6. Bg5 e6 7. f4 Be7 8. Qf3 Qc7 9. O-O-O Nbd7 10. Bd3 h6 11. Bh4 b5 12. Rhe1 Bb7 13. Qg3 b4 14. Nd5 Nxd5 15. exd5 Bxh4 16. Qxh4 Bxd5 17. Nf5 Nc5 18. Nxg7+ Kd7 19. Qf6 Kc6 20. f5 Qd8 21. Qd4 Qg5+ 22. Kb1 e5 23. Bb5+ Kxb5 24. Qxd5 Qxg7 25. a4+ bxa3 26. c4+ Kb4 27. bxa3+ Ka5 28. Qxd6 Rab8+ 29. Ka2 Rhc8 30. Rxe5 Qxg2+ 31. Rd2 Qc6 32. Rxc5+ Qxc5 33. Rd5 Qxd5 34. Qxd5+ Kb6 35. Qxf7 Rc6 36. Qd5 Rf8 37. Kb3 Rff6 38. Kb4 Kc7 39. c5 Kc8 40. Kc4 Rc7 41. Qg8+ Kb7 42. Qd5+ Ka7 43. Kd4 Rcf7 44. Ke4 Re7+ 45. Kf4 Rc7 46. Qe5 Rfc6 47. f6 Rxc5 48. Qd6 R5c6 49. Qd4+ Kb7 50. Kf5 Rf7 51. Kg6 Rcxf6+ 52. Qxf6 Rxf6+ 53. Kxf6 Kc6 54. Kg6 Kb5 55. Kxh6 Ka4 56. h4 Kxa3 57. h5 Kb3 58. Kg5 a5 59. h6 a4 60. h7 a3 61. h8=Q a2 62. Qa1 Ka3 63. Kf4 Kb3 64. Ke3 1-0


[Site "https://www.chess.com"]

[Event "Titled Tuesday Blitz August 08 Early 2023"]
[White "Matinian, Nikita"]
[Black "Mikhailovsky, Vladimir"]
[WhiteFideId "24129100"]
[BlackFideId "34105414"]
[WhiteElo "2684"]
[BlackElo "2803"]
[Result "1-0"]
[Round "11"]
[TimeControl "180+1"]
[Date "2023.08.08"]
[WhiteClock "0:00:42"]
[BlackClock "0:00:01"]
[Board "32"]

1. e4 c6 2. d4 d5 3. e5 Bf5 4. Nf3 e6 5. Be2 Ne7 6. O-O Ng6 7. Be3 Nd7 8. Ne1 h5 9. Nd2 f6 10. f4 h4 11. c3 c5 12. g4 hxg3 13. hxg3 Rc8 14. Rc1 Qe7 15. Ng2 Bh3 16. Bh5 Qf7 17. f5 Bxf5 18. Rxf5 exf5 19. e6 Qxe6 20. Bxg6+ Kd8 21. Qf1 cxd4 22. Bxf5 Qb6 23. Bxd4 Bc5 24. Nb3 Bxd4+ 25. Nxd4 Rc4 26. Ne3 Qxb2 27. Rc2 Qb6 28. Nxc4 dxc4 29. Kg2 Ne5 30. Qe2 Qd6 31. Rd2 Ke8 32. Nf3 Qc6 33. Be4 Qe6 34. Nxe5 Qxe5 35. Bxb7 Rh6 36. Qxe5+ fxe5 37. Re2 Rb6 38. Bd5 Ke7 39. Bxc4 Rc6 40. Rxe5+ Kf6 41. Re4 Kf5 42. Rd4 Ke5 43. Kf3 Rf6+ 44. Ke3 Rg6 45. Re4+ Kf5 46. g4+ Kg5 47. Be6 Rf6 48. c4 Rf1 49. c5 Rc1 50. Rc4 Re1+ 51. Kd4 Rxe6 52. Kd5 Kf6 53. c6 Re8 54. c7 Rc8 55. Kd6 Rxc7 56. Kxc7 1-0


[Site "https://www.chess.com"]

[Event "Titled Tuesday Blitz August 08 Early 2023"]
[White "Timerkhanov, Alexander"]
[Black "Lysyj, Igor"]
[WhiteFideId "24177938"]
[BlackFideId "4150120"]
[WhiteElo "2676"]
[BlackElo "2792"]
[Result "0-1"]
[Round "11"]
[TimeControl "180+1"]
[Date "2023.08.08"]
[WhiteClock "0:00:09"]
[BlackClock "0:00:57"]
[Board "33"]

1. d4 d5 2. Bf4 Nf6 3. e3 e6 4. Nf3 Bd6 5. Bg3 O-O 6. Nbd2 c5 7. c3 b6 8. Bd3 Bb7 9. Qb1 Qc7 10. Ne5 Nbd7 11. f4 a5 12. Bh4 g6 13. O-O Ba6 14. a4 Bxd3 15. Qxd3 Qb7 16. Nxd7 Nxd7 17. Nf3 c4 18. Qe2 b5 19. axb5 Qxb5 20. Ne5 Rfb8 21. Rf2 a4 22. g4 a3 23. bxa3 Rxa3 24. Rxa3 Bxa3 25. Nxd7 Qxd7 26. f5 exf5 27. gxf5 Rb2 28. Qf3 Rxf2 29. Bxf2 Qxf5 30. Qxf5 gxf5 31. Be1 Kg7 32. Kf2 Bd6 33. h3 f4 34. exf4 Bxf4 35. Kf3 Bc1 36. Kg4 Kg6 37. Kf3 Kf5 38. Ke2 Ke4 39. Bh4 f5 0-1


[Site "https://www.chess.com"]

[Event "Titled Tuesday Blitz August 08 Early 2023"]
[White "Sychev, Klementy"]
[Black "Sakun, Volodymyr"]
[WhiteFideId "4114060"]
[BlackFideId "14114062"]
[WhiteElo "2775"]
[BlackElo "2670"]
[Result "1-0"]
[Round "11"]
[TimeControl "180+1"]
[Date "2023.08.08"]
[WhiteClock "0:00:43"]
[BlackClock "0:00:00"]
[Board "35"]

1. e4 e5 2. Nf3 Nc6 3. d4 exd4 4. c3 dxc3 5. Bc4 d6 6. Nxc3 Nf6 7. Qb3 Qd7 8. Ng5 Ne5 9. Bb5 c6 10. f4 Neg4 11. Be2 Nh6 12. Be3 Be7 13. O-O-O Qc7 14. h3 Nd7 15. Bh5 O-O 16. Ne6 Qa5 17. g4 Nc5 18. Nxc5 dxc5 19. g5 c4 20. Qa4 Qxa4 21. Nxa4 Nf5 22. exf5 Bxf5 23. Rhe1 Rfe8 24. Bc5 Bxc5 25. Nxc5 b6 26. Nb7 Rxe1 27. Rxe1 g6 28. Bg4 Bxg4 29. hxg4 Rb8 30. Re7 Kf8 31. Rc7 Re8 32. Nd6 Rd8 33. Rxf7+ Kg8 34. Rf6 b5 35. Kc2 a6 36. Kc3 c5 37. a4 bxa4 38. Kxc4 Rb8 39. Kc3 Rb3+ 40. Kc2 Rb4 41. Nc8 Rc4+ 42. Kd3 Rd4+ 43. Kc3 Kg7 44. Nb6 h6 45. Rc6 hxg5 46. Rc7+ Kh6 47. fxg5+ Kxg5 48. Rxc5+ 1-0


[Site "https://www.chess.com"]

[Event "Titled Tuesday Blitz August 08 Early 2023"]
[White "Aradhya, Garg"]
[Black "Goroshkov, Maksym"]
[WhiteFideId "25006746"]
[BlackFideId "14142716"]
[WhiteElo "2762"]
[BlackElo "2663"]
[Result "1/2-1/2"]
[Round "11"]
[TimeControl "180+1"]
[Date "2023.08.08"]
[WhiteClock "0:00:06"]
[BlackClock "0:00:21"]
[Board "36"]

1. d4 Nf6 2. c4 e5 3. dxe5 Ng4 4. Bf4 Nc6 5. Nf3 Bb4+ 6. Nbd2 Qe7 7. e3 Ngxe5 8. Nxe5 Nxe5 9. Be2 d6 10. O-O Bxd2 11. Qxd2 O-O 12. Rac1 b6 13. Qd5 Rb8 14. c5 bxc5 15. Bxe5 Bb7 16. Bxd6 cxd6 17. Qd2 Qg5 18. g3 Rfd8 19. Rfd1 Qf6 20. b4 cxb4 21. Qxb4 Bf3 22. Qe1 h5 23. Rd4 Rb2 24. Rf4 Rxe2 25. Qa5 Qb2 26. Qxd8+ Kh7 27. Rxf3 Qxc1+ 28. Kg2 Re1 29. Qg5 Rg1+ 30. Kh3 Qc8+ 31. Kh4 Kg8 32. Qxh5 Qe6 33. g4 g6 34. Qg5 Kg7 35. Rg3 Rc1 36. Qa5 Rc5 37. Qd2 Qe4 38. Qd4+ Qxd4 39. exd4 Rc2 40. Ra3 Rxf2 41. Kg3 Rd2 42. Ra4 Kf6 43. Kf4 Rxh2 44. Rxa7 Rd2 45. Ke3 Rb2 46. g5+ Kxg5 47. Rxf7 Rxa2 48. Rd7 Kf5 49. Rxd6 Ra3+ 50. Kf2 g5 51. Rd8 Kf4 52. Kg2 Ra2+ 53. Kg1 Kg3 54. Rf8 g4 55. Rf1 Rd2 56. Kh1 Rxd4 57. Ra1 Kh3 58. Kg1 Rd3 59. Re1 Rf3 60. Rd1 Kg3 61. Re1 Rd3 62. Rc1 Kf3 63. Rf1+ Ke2 64. Rf2+ Ke3 65. Kg2 Ke4 66. Rf8 Rf3 67. Re8+ Kf4 68. Rf8+ Ke3 69. Re8+ Kd3 70. Rg8 Rf4 71. Kg3 Rd4 72. Rxg4 Rxg4+ 73. Kxg4 1/2-1/2


[Site "https://www.chess.com"]

[Event "Titled Tuesday Blitz August 08 Early 2023"]
[White "Zeynalli, Rashad"]
[Black "Kumsiashvili, Nikoloz"]
[WhiteFideId "13403320"]
[BlackFideId "13600621"]
[WhiteElo "2663"]
[BlackElo "2758"]
[Result "0-1"]
[Round "11"]
[TimeControl "180+1"]
[Date "2023.08.08"]
[WhiteClock "0:00:45"]
[BlackClock "0:00:38"]
[Board "37"]

1. e4 c5 2. Nf3 e6 3. g3 Nc6 4. Bg2 d5 5. exd5 exd5 6. d4 Nf6 7. O-O Be7 8. dxc5 O-O 9. a3 Bxc5 10. b4 Bb6 11. Bb2 Bg4 12. h3 Bh5 13. Nc3 Ne4 14. g4 Nxc3 15. Bxc3 Bg6 16. Nd4 Bxd4 17. Bxd4 Bxc2 18. Qxc2 Nxd4 19. Qd3 Ne6 20. Qxd5 Qh4 21. Qxb7 Ng5 22. Kh2 Rad8 23. Qxa7 Rd3 24. f3 Rd2 25. Kg1 Nxh3+ 26. Bxh3 Qg3+ 0-1


[Site "https://www.chess.com"]

[Event "Titled Tuesday Blitz August 08 Early 2023"]
[White "KarolKacprzak"]
[Black "Csonka, Balazs"]
[BlackFideId "742910"]
[WhiteElo "2692"]
[BlackElo "2722"]
[Result "1-0"]
[Round "11"]
[TimeControl "180+1"]
[Date "2023.08.08"]
[WhiteClock "0:00:59"]
[BlackClock "0:00:07"]
[Board "38"]

1. e4 c5 2. Nf3 Nc6 3. d4 cxd4 4. Nxd4 Nf6 5. Nc3 e6 6. Nxc6 bxc6 7. e5 Nd5 8. Ne4 Qc7 9. f4 Qb6 10. c4 Bb4+ 11. Ke2 f5 12. Nf2 Ne7 13. Be3 Bc5 14. Bxc5 Qxc5 15. Kf3 g5 16. Qd6 Qb6 17. Nd3 g4+ 18. Ke2 a5 19. Qc5 Qb8 20. g3 h5 21. h4 Ba6 22. Bg2 Kf7 23. Rhc1 Rd8 24. Rc2 Qc7 25. Rd1 Rab8 26. Kf2 Rb7 27. Rcd2 Ke8 28. b3 a4 29. b4 Rdb8 30. a3 Qb6 31. Qxb6 Rxb6 32. Nc5 Bxc4 33. Nxd7 Bd5 34. Nxb6 Rxb6 35. Rc1 Bxg2 36. Kxg2 Nd5 37. Kf2 Kd7 38. Rc5 Kc7 39. Ra5 Kb7 40. Rc2 Nc7 41. Rxa4 Nb5 42. Ra5 Nd4 43. Rc3 Kb8 44. Rac5 Kc7 45. Rd3 Nb5 46. a4 Na7 47. b5 Kb8 48. Rd6 Kc7 49. Rxe6 1-0


[Site "https://www.chess.com"]

[Event "Titled Tuesday Blitz August 08 Early 2023"]
[White "Liyanage, Ranindu Dilshan"]
[Black "Aslanov, Umid"]
[WhiteFideId "9915834"]
[BlackFideId "13412620"]
[WhiteElo "2606"]
[BlackElo "2617"]
[Result "0-1"]
[Round "11"]
[TimeControl "180+1"]
[Date "2023.08.08"]
[WhiteClock "0:00:00"]
[BlackClock "0:00:03"]
[Board "39"]

1. d4 d5 2. Bf4 Nf6 3. e3 c5 4. Nf3 Bg4 5. Nbd2 Nc6 6. c3 e6 7. Qa4 Nd7 8. Bd3 Be7 9. O-O O-O 10. h3 Bh5 11. Rac1 a6 12. Qd1 b5 13. Bb1 a5 14. Qc2 Bg6 15. Qd1 Bh5 16. Qe1 Bf6 17. Bd6 Be7 18. Bf4 Bf6 19. Bd6 Be7 20. Bxe7 Qxe7 21. e4 Bg6 22. Qe3 c4 23. Rce1 Qd8 24. Qf4 b4 25. h4 Qf6 26. Qg4 dxe4 27. Nxe4 Qe7 28. Qg3 h6 29. Re2 bxc3 30. bxc3 Nb6 31. Rfe1 Nd5 32. Qh2 Rab8 33. h5 Rxb1 34. Rxb1 Bxe4 35. Rxe4 Nxc3 36. Rbe1 Nxe4 37. Rxe4 c3 38. Qf4 Nb4 39. a3 Nd5 40. Qc1 Rc8 41. Rg4 c2 42. Ne5 f6 43. Nd3 Qb7 44. Nc5 Qb1 45. Nd3 Nc3 0-1


[Site "https://www.chess.com"]

[Event "Titled Tuesday Blitz August 08 Early 2023"]
[White "Zemlyanskii, Ivan"]
[Black "Borgaonkar Akshay"]
[WhiteFideId "24249971"]
[BlackFideId "25639110"]
[WhiteElo "2886"]
[BlackElo "2596"]
[Result "1-0"]
[Round "11"]
[TimeControl "180+1"]
[Date "2023.08.08"]
[WhiteClock "0:00:41"]
[BlackClock "0:00:51"]
[Board "40"]

1. d4 Nf6 2. c4 g6 3. h4 Bg7 4. Nc3 d6 5. e4 Nc6 6. Be2 O-O 7. d5 Ne5 8. Nf3 c6 9. Nxe5 dxe5 10. Be3 h5 11. f3 cxd5 12. cxd5 Ne8 13. Qb3 Nd6 14. O-O-O Bd7 15. g4 hxg4 16. fxg4 Rc8 17. Kb1 b5 18. h5 Nc4 19. Bxc4 Rxc4 20. h6 Bf6 21. g5 Bh8 22. h7+ Kg7 23. d6 Be6 24. dxe7 Qxe7 25. Qxb5 Qc7 26. Nd5 Bxd5 27. exd5 Rb8 28. d6 Rxb5 29. dxc7 Rxc7 30. Rd8 Rb8 31. Rxb8 Rc8 32. Rxc8 1-0


[Site "https://www.chess.com"]

[Event "Titled Tuesday Blitz August 08 Early 2023"]
[White "Vlassov, Nikolai"]
[Black "Fantastic_Power"]
[WhiteFideId "4103360"]
[WhiteElo "2598"]
[BlackElo "2790"]
[Result "0-1"]
[Round "11"]
[TimeControl "180+1"]
[Date "2023.08.08"]
[WhiteClock "0:00:11"]
[BlackClock "0:00:06"]
[Board "41"]

1. e4 Nf6 2. e5 Nd5 3. d4 d6 4. c4 Nb6 5. f4 dxe5 6. fxe5 Nc6 7. Be3 Bf5 8. Nc3 e6 9. Nf3 Be7 10. Be2 O-O 11. O-O f6 12. exf6 Bxf6 13. Qd2 h6 14. Rad1 Qe8 15. Kh1 Rd8 16. Qe1 Bc2 17. Rd2 Bg6 18. Qg3 e5 19. d5 Nb4 20. Nb5 Nc2 21. Bc5 e4 22. Nxc7 Qf7 23. Bxf8 exf3 24. Rxf3 Rxf8 25. Ne6 Rc8 26. b3 Nd7 27. Bd3 Bxd3 28. Rfxd3 Nb4 29. Rf3 b5 30. Qf4 bxc4 31. bxc4 Ne5 32. Rc3 Ng6 33. Qe3 Bxc3 34. Rf2 Qe7 35. Qxc3 Nxd5 36. Qe1 Rxc4 37. Re2 Rc8 38. Nf4 Qf7 39. Nxd5 Qxd5 40. h3 Qf7 41. Rf2 Qe7 42. Re2 Qc5 43. Qd2 Qc1+ 44. Kh2 Qxd2 45. Rxd2 Rc7 46. Rd6 Kf7 47. Ra6 Ne7 48. Kg3 Nd5 49. Kf3 Nb6 50. Ke4 Ke6 51. g4 g6 52. h4 Rc4+ 53. Kf3 Ra4 54. Rxa4 Nxa4 55. Ke4 Nb6 56. Kd4 g5 57. hxg5 hxg5 58. Kc5 Nd5 59. a4 Nf6 60. a5 Nxg4 61. Kc6 Ne5+ 62. Kb7 Nd7 63. Kxa7 Nc5 64. Kb6 Kd6 65. a6 Nxa6 66. Kxa6 g4 0-1


[Site "https://www.chess.com"]

[Event "Titled Tuesday Blitz August 08 Early 2023"]
[White "Atakhan, Abtin"]
[Black "Zavgorodniy, Sergiy"]
[WhiteFideId "22502203"]
[BlackFideId "14110148"]
[WhiteElo "2789"]
[BlackElo "2592"]
[Result "0-1"]
[Round "11"]
[TimeControl "180+1"]
[Date "2023.08.08"]
[WhiteClock "0:00:01"]
[BlackClock "0:00:25"]
[Board "42"]

1. Nf3 d5 2. g3 Nf6 3. Bg2 e6 4. O-O Be7 5. c4 O-O 6. b3 Nbd7 7. Bb2 b6 8. d4 Bb7 9. Nc3 c5 10. Ne1 cxd4 11. Qxd4 Rc8 12. cxd5 Bc5 13. Qd1 exd5 14. Nxd5 Nxd5 15. Bxd5 Bxd5 16. Qxd5 Qe7 17. Nd3 Qxe2 18. Qxd7 Rcd8 19. Nxc5 Rxd7 20. Nxd7 Qxb2 21. Nxf8 Kxf8 22. Rfb1 Qc3 23. a4 h5 24. h4 g5 25. hxg5 h4 26. gxh4 Qd4 27. Re1 Qxh4 28. Re3 Qxg5+ 29. Kf1 Qh5 30. Rae1 Qh1+ 31. Ke2 Qh5+ 32. Kd2 Qd5+ 33. Rd3 Qg5+ 34. Ree3 Qg2 35. Rf3 Qg5+ 36. Kc2 Qc5+ 37. Rc3 Qd6 38. Kb2 Qd2+ 39. Rc2 Qd4+ 40. Rfc3 a6 41. Ka2 b5 42. axb5 axb5 43. Rc7 Kg7 44. Rb7 Qd3 45. Rbc7 b4 46. R7c4 Kg6 47. Kb2 f6 48. Rxb4 Kg5 49. Rbc4 f5 50. b4 Qd5 51. R4c3 Qb5 52. Rb3 Kg4 53. Rc5 Qe2+ 54. Rc2 Qb5 55. Rd2 f4 56. f3+ Kg3 57. Rc2 Qe5+ 58. Rbc3 Qb5 59. Ka3 Qa6+ 60. Kb3 Qe6+ 61. Kb2 Qb6 62. Rb3 Qd4+ 63. Ka2 Qa7+ 64. Ra3 Qb6 65. Rb2 Qe6+ 66. Rab3 Qa6+ 67. Kb1 Qf1+ 68. Kc2 Qc4+ 69. Rc3 Qb5 70. Kb3 Qd5+ 71. Ka3 Qb5 72. Kb3 Qd5+ 73. Ka3 Qa8+ 74. Kb3 Qa6 75. Kc2 Qe2+ 76. Kb1 Qd1+ 77. Rc1 Qd3+ 78. Rbc2 Qb3+ 79. Rb2 Qd3+ 80. Ka2 Qa6+ 81. Kb3 Qe6+ 82. Ka3 Qa6+ 83. Kb3 Kxf3 84. Rc3+ Kg4 85. Kc2 f3 86. b5 Qa4+ 87. Kd2 Qd4+ 88. Kc2 f2 89. Rb1 Qe4+ 90. Rd3 Qe2+ 91. Kc3 f1=Q 92. Rxf1 Qxf1 93. Rd4+ Kf5 94. b6 Qb5 95. Rb4 Qc5+ 96. Kb3 Qd5+ 97. Kc3 Qb7 98. Kc4 Ke6 99. Kb5 Kd5 100. Ka5 Qa8+ 101. Kb5 Qc6+ 102. Ka6 Kc5 103. Rb1 Qa8# 0-1


[Site "https://www.chess.com"]

[Event "Titled Tuesday Blitz August 08 Early 2023"]
[White "Krzyzanowski, Marcin"]
[Black "Budrewicz, Krzysztof"]
[WhiteFideId "1132199"]
[BlackFideId "1127950"]
[WhiteElo "2787"]
[BlackElo "2592"]
[Result "0-1"]
[Round "11"]
[TimeControl "180+1"]
[Date "2023.08.08"]
[WhiteClock "0:00:00"]
[BlackClock "0:00:01"]
[Board "43"]

1. e4 e5 2. Nf3 Nc6 3. Bc4 Nf6 4. d3 Be7 5. O-O O-O 6. Re1 d6 7. a4 Be6 8. a5 Bxc4 9. dxc4 a6 10. Nc3 Nd7 11. Nd5 Nc5 12. b4 Ne6 13. Qd3 Ncd4 14. c3 Nxf3+ 15. Qxf3 c6 16. Ne3 g6 17. Bd2 Bg5 18. Rad1 Qe7 19. g3 Bxe3 20. Bxe3 f5 21. exf5 gxf5 22. Bc1 Rad8 23. Qh5 f4 24. c5 Ng7 25. Qg4 h5 26. Qg6 Rf6 27. Qg5 dxc5 28. Rxd8+ Qxd8 29. bxc5 Qd5 30. Qxe5 Qxe5 31. Rxe5 fxg3 32. hxg3 Rf5 33. Re7 Rf7 34. Re4 Rf5 35. Be3 Rd5 36. Re7 Rd1+ 37. Kg2 Rb1 38. Re5 Kf7 39. Bd4 Rb5 40. Rg5 Ne6 41. Rxh5 Kg6 42. Re5 Nxd4 43. cxd4 Rxa5 44. f4 Ra4 45. Re4 a5 46. Kf3 Rb4 47. g4 a4 48. f5+ Kf7 49. Kf4 a3 50. g5 a2 51. g6+ Kf8 52. f6 a1=Q 53. g7+ Kf7 54. Re7+ Kxf6 55. g8=Q Qxd4+ 56. Kg3 Qh4+ 57. Kg2 Rg4+ 58. Kf3 Rxg8 59. Re6+ Kxe6 0-1


[Site "https://www.chess.com"]

[Event "Titled Tuesday Blitz August 08 Early 2023"]
[White "Klukin, Kirill"]
[Black "Martins, Bruno Andre Leite"]
[WhiteFideId "24199273"]
[BlackFideId "1942255"]
[WhiteElo "2786"]
[BlackElo "2572"]
[Result "0-1"]
[Round "11"]
[TimeControl "180+1"]
[Date "2023.08.08"]
[WhiteClock "0:00:10"]
[BlackClock "0:00:10"]
[Board "44"]

1. d4 Nf6 2. Nf3 e6 3. e3 Bb4+ 4. c3 Be7 5. Bd3 O-O 6. O-O d6 7. e4 Nfd7 8. Bf4 Bf6 9. e5 dxe5 10. dxe5 Be7 11. Qe2 g6 12. Nbd2 Nc5 13. Bc2 b6 14. Rfd1 Qe8 15. Bh6 Ba6 16. Qe3 Nc6 17. Ne4 Nxe4 18. Bxe4 Bb7 19. Nd4 Na5 20. Bxb7 Nxb7 21. Qf3 Na5 22. b4 Nc4 23. Qe4 f5 24. exf6 Rxf6 25. Bg5 Nd6 26. Qe5 Rf7 27. Bxe7 Rxe7 28. Re1 Nf7 29. Qe4 e5 30. Nc6 Re6 31. b5 a6 32. a4 axb5 33. axb5 Rxa1 34. Rxa1 Nd6 35. Qd5 Kg7 36. c4 Nf7 37. h3 Rd6 38. Qe4 Qe6 39. Ra7 Rd7 40. Kh2 h5 41. f4 Kf6 42. Ra2 exf4 43. Qxf4+ Kg7 44. Rf2 Qd6 45. Qxd6 Rxd6 46. Rf4 Ng5 47. h4 Ne6 48. Re4 Kf6 49. Re2 Nd4 50. Rf2+ Ke6 51. Rf8 Nxc6 52. bxc6 Rxc6 53. Rf4 Ke5 54. Kg3 Rf6 55. Rxf6 Kxf6 56. Kf4 c6 57. Ke4 b5 58. c5 Ke6 59. g3 Kf6 60. Kf4 b4 61. Ke4 Ke6 62. Kd4 Kf5 63. Kc4 Ke5 64. Kxb4 Kd4 65. Kb3 Kxc5 66. Kc3 Kd5 67. Kd3 Ke5 68. Kc4 Ke4 69. Kc5 Kf3 70. Kxc6 Kxg3 71. Kd5 Kxh4 72. Ke4 Kg3 0-1


[Site "https://www.chess.com"]

[Event "Titled Tuesday Blitz August 08 Early 2023"]
[White "Ismagilov, Damir"]
[Black "Kosteniuk, Alexandra"]
[WhiteFideId "34199982"]
[BlackFideId "4128125"]
[WhiteElo "2561"]
[BlackElo "2752"]
[Result "1-0"]
[Round "11"]
[TimeControl "180+1"]
[Date "2023.08.08"]
[WhiteClock "0:00:04"]
[BlackClock "0:00:00"]
[Board "45"]

1. d4 f5 2. c4 Nf6 3. Nc3 g6 4. Nf3 Bg7 5. e3 d6 6. b4 a5 7. b5 Nbd7 8. a4 b6 9. Be2 Bb7 10. O-O O-O 11. Ng5 e5 12. Ne6 Qe7 13. Nxf8 Rxf8 14. Bb2 e4 15. Qb3 Kh8 16. Ba3 g5 17. Rae1 f4 18. exf4 gxf4 19. Bf3 Re8 20. Qc2 Nf8 21. d5 Ng6 22. Nxe4 Nxe4 23. Bxe4 Ne5 24. f3 Qh4 25. Bb2 Bf6 26. Kh1 Rg8 27. Bf5 Rg5 28. Bh3 Rh5 29. Qf2 Qg5 30. Re4 Qh6 31. Bc1 Bg5 32. Rfe1 Bc8 33. Bb2 Bf6 34. Rg1 Bf5 35. Ree1 Kg8 36. g4 Rxh3 37. gxf5+ Kf7 38. Bxe5 Bxe5 39. Rg4 Rh5 40. Qg2 Rxf5 41. Rg1 Rh5 42. Re1 Qf6 43. Re4 Qf5 44. Rg8 h6 45. Qg4 Qxg4 46. Rxg4 Rf5 47. Re1 h5 48. Rg2 h4 49. Rg4 Rh5 50. h3 Kf6 51. Re4 Kf5 52. Rg8 Rh7 53. Kg2 Rf7 54. Kf2 Rd7 55. Ke2 Rf7 56. Kd3 Rd7 57. Rg4 Rh7 58. Re1 Bf6 59. Re6 Be5 60. Re8 Rf7 61. Reg8 Bf6 62. Re8 Rh7 63. Rf8 Rh6 64. Rf7 1-0


[Site "https://www.chess.com"]

[Event "Titled Tuesday Blitz August 08 Early 2023"]
[White "Tanenbaum, Zachary"]
[Black "Bach Ngoc Thuy Duong"]
[WhiteFideId "2060850"]
[BlackFideId "12408956"]
[WhiteElo "2738"]
[BlackElo "2557"]
[Result "1-0"]
[Round "11"]
[TimeControl "180+1"]
[Date "2023.08.08"]
[WhiteClock "0:00:02"]
[BlackClock "0:00:05"]
[Board "46"]

1. e4 c5 2. Nf3 d6 3. d4 cxd4 4. Nxd4 Nf6 5. Nc3 a6 6. Be3 e5 7. Nb3 Be6 8. f4 Ng4 9. Bd2 Qb6 10. Qe2 exf4 11. Bxf4 Nd7 12. h3 Nge5 13. O-O-O Rc8 14. Nd5 Bxd5 15. exd5 Be7 16. g4 O-O 17. g5 Rfe8 18. h4 Ng6 19. Qd2 Nde5 20. Nd4 Rc5 21. h5 Nxf4 22. Qxf4 Rxd5 23. Rg1 Rc8 24. Bh3 Re8 25. g6 fxg6 26. Be6+ Kh8 27. Bxd5 g5 28. Qf5 Bf6 29. c3 Qc5 30. Be4 Kg8 31. Qxh7+ Kf8 32. Rgf1 Ke7 33. Nf5+ Ke6 34. Nxd6 Qe3+ 35. Kb1 Rd8 36. Bf5+ Ke7 37. Rfe1 Rxd6 38. Rxe3 Rxd1+ 39. Kc2 Rf1 40. h6 Rf2+ 41. Kd1 Rf1+ 42. Ke2 Re1+ 43. Kxe1 Kd6 44. hxg7 Kc5 45. g8=Q 1-0


[Site "https://www.chess.com"]